 Dungeon Crawl Stone Soup version 0.21-a0-642-g5d013b2151 (webtiles) character file.

0 RaHiT the Caller (level 1, -2/10 HPs)
             Began as a Kobold Summoner on Dec 31, 2017.
             Slain by a kobold
             ... wielding a +0 short sword
              (4 damage)
             ... on level 1 of the Dungeon.
             The game lasted 00:01:41 (105 turns).

RaHiT the Caller (Kobold Summoner)                   Turns: 105, Time: 00:01:41

Health: -2/10      AC:  2    Str:  5    XL:     1   Next: 11%
Magic:  3/3        EV: 15    Int: 16    God:
Gold:   14         SH:  0    Dex: 15    Spells: 3/4 levels left

rFire    . . .     SeeInvis .   i - +0 short sword
rCold    . . .     Gourm    .   (shield restricted)
rNeg     . . .     Faith    .   a - +0 robe
rPois    .         Spirit   .   (no helmet)
rElec    .         Reflect  .   (no cloak)
rCorr    .         Harm     .   (no gloves)
MR       .....                  (no boots)
Stlth    ++........             (no amulet)
HPRegen  0.03/turn              (no ring)
MPRegen  0.08/turn              (no ring)

@: no status effects
A: small, carnivore
a: no special abilities


You were on level 1 of the Dungeon.
You were not hungry.

You visited 1 branch of the dungeon, and saw 1 of its levels.

You collected 14 gold pieces.

Inventory:

Hand Weapons
 i - a +0 short sword (weapon)
Missiles
 e - 15 stones (quivered)
 f - 16 poisoned needles
Armour
 a - a +0 robe (worn)
 g - a +0 buckler
Scrolls
 h - a scroll of fear {unknown}
Potions
 d - a potion of resistance {unknown}
Books
 b - a book of Callings

   Spells                             Type                      Level
   a - Summon Small Mammal            Summoning                    1
   b - Call Imp                       Summoning                    2
   c - Call Canine Familiar           Summoning                    3
   d - Summon Guardian Golem          Hexes/Summoning              3
   e - Summon Lightning Spire         Summoning/Air                4
   f - Summon Ice Beast               Ice/Summoning                4
Comestibles
 c - a ration


   Skills:
 + Level 0.1 Short Blades
 + Level 2.4 Dodging
 + Level 2.7 Stealth
 - Level 2.1 Spellcasting
 - Level 4.0 Summonings


You had 3 spell levels left.
You knew the following spells:

 Your Spells              Type           Power        Failure   Level  Hunger
a - Summon Small Mammal   Summ           ##..         4%          1    #......


Dungeon Overview and Level Annotations

Branches:
Dungeon (1/15)

Altars:


Innate Abilities, Weirdness & Mutations

You are small and have problems with some larger weapons.
You are carnivorous and can eat meat at any time.


Message History

You barely miss the kobold.
Your bat hits the kobold but does no damage.
The kobold hits you with a short sword.
You hit the kobold but do no damage.
Your bat barely misses the kobold.
The kobold misses you.
You closely miss the kobold.
Your bat closely misses the kobold.
The kobold closely misses you.
You hit the kobold but do no damage.
Your bat hits the kobold but does no damage.
The kobold misses you.
Your bat hits the kobold but does no damage.
The kobold hits you but does no damage.
You closely miss the kobold.
Your bat hits the kobold but does no damage.
The kobold hits you with a short sword.
* * * LOW HITPOINT WARNING * * *
You closely miss the kobold.
Your bat hits the kobold but does no damage.
Your bat misses the kobold. The kobold hits you with a short sword.
You die...

#.<.....#
#.......########
#..###..#......##+##
###..# #..#..........#
.....# #..#..........#
.....###..#.....((.(.#
..........#..........#
##.....)..#..........#..
#........##....@Kb.....
#..####..##............#
#..# #..#...............
##..#
#....####+####).(##
....# #..### ...#
..[.####..# .
..........# #.........#
#.........#


You could see a kobold and a friendly bat.

Vanquished Creatures
  A kobold (D:1)
1 creature vanquished.

Notes
Turn   | Place    | Note
-------+----------+-------------------------------------------
     0 | D:1      | RaHiT the Kobold Summoner began the quest for the Orb.
     0 | D:1      | Reached XP level 1. HP: 10/10 MP: 3/3
   105 | D:1      | Slain by a kobold

Vault maps used:
D:1:      dpeg_arrival_boxorama

Action                   || total
-------------------------++-------
Melee: Short sword       ||    12
Throw: Stone             ||     7
 Cast: Summon Small Mamm ||     2
Armor: Robe              ||     1
Dodge: Dodged            ||     8

Table legend:
 A = Spawn XP
 B = Non-spawn XP
 C = Spawn XP percentage of total XP
 D = Spawn monster count
 E = Non-spawn monster count
 F = Spawn count percentage of total count
 G = Total turns spent on level
                    A         B        C        D         E        F      G
               +---------+---------+-------+---------+---------+-------+---------
         Total |       0 |       1 |   0.0 |       0 |       1 |   0.0 |   105
               +---------+---------+-------+---------+---------+-------+---------
           D:1 |       0 |       1 |   0.0 |       0 |       1 |   0.0 |   105
               +---------+---------+-------+---------+---------+-------+---------
